 Dungeon Crawl Stone Soup version 0.30-a0-711-gf4ac18a38d (webtiles) character file.

Game seed: 9429010236638821950

1335 Mesmaeker13 the Insei (level 8, -3/55 HPs)
             Began as an Octopode Transmuter on Jan 22, 2023.
             Killed by divine providence
             ... invoked by an orc priest
              (11 damage)
             ... on level 5 of the Dungeon.
             The game lasted 00:11:24 (4462 turns).

Mesmaeker13 the Insei (Octopode Transmuter)         Turns: 4462, Time: 00:11:24

Health: -3/55      AC:  2    Str:  9    XL:     8   Next: 61%
Magic:  8/11       EV: 19    Int: 18    God:
Gold:   226        SH:  5    Dex: 17    Spells: 1/11 levels left

rFire   . . .      SeeInvis .      - Unarmed
rCold   . . .      Faith    .    (shield currently unavailable)
rNeg    . . .      Spirit   .    (helmet currently unavailable)
rPois   x          Reflect  +    s - amulet of reflection
rElec   .          Harm     .    (no ring)
rCorr   .          Rampage  .    (no ring)
Will    .....                    (no ring)
Stlth   ++                       (no ring)
HPRegen 0.29/turn                (no ring)
MPRegen 0.12/turn                (no ring)
                                 (no ring)
                                 (no ring)

@: spider-form, wereblooded (expiring)
A: venomous fangs, almost no armour, (amphibious), 8 rings, tiny, (camouflage
1), (gelatinous body 1), (nimble swimmer 1), (tentacles)
a: End Transformation


You were on level 5 of the Dungeon.
You were a venomous arachnid creature.
You visited 1 branch of the dungeon, and saw 6 of its levels.

You collected 226 gold pieces.

Inventory:

Hand Weapons
 c - a +2 dagger of venom
 r - a +0 trident
 x - a +4 spear (melded)
Missiles
 A - 2 poisoned darts (quivered)
Armour
 j - a +2 buckler
Magical Staves
 m - a staff of conjuration
Jewellery
 s - an amulet of reflection (around neck)
Scrolls
 b - 2 scrolls of teleportation {unknown}
 e - 4 scrolls of blinking
 g - 2 scrolls of noise
 i - a scroll of brand weapon {unknown}
 l - a scroll of vulnerability
 p - a scroll of immolation {unknown}
 q - a scroll of fear
 u - a scroll of torment {unknown}
 y - a scroll of fog {unknown}
 z - 3 scrolls of poison
Potions
 a - 2 potions of lignification
 d - a potion of might
 f - a potion of haste {unknown}
 h - 2 potions of resistance
 k - a potion of berserk rage
 n - 2 potions of attraction
 o - a potion of brilliance
 t - a potion of curing
 v - a potion of heal wounds {unknown}
 w - a potion of cancellation {unknown}


   Skills:
 + Level 5.1 Fighting
 - Level 2.0 Dodging
 + Level 6.0 Unarmed Combat
 - Level 2.0 Spellcasting
 + Level 5.4 Transmutations
 + Level 3.1 Ice Magic
 - Level 4.0 Poison Magic


You had one spell level left.
You knew the following spells:

 Your Spells              Type           Power      Damage    Failure   Level
a - Beastly Appendage     Tmut           42%        N/A       8%          1
b - Wereblood             Tmut           21%        N/A       11%         2
c - Spider Form           Tmut/Pois      18%        N/A       21%         3
d - Ice Form              Ice/Tmut       17%        N/A       52%         4

Your spell library contained the following spells:

 Spells                   Type           Power      Damage    Failure   Level
 Frozen Ramparts          Ice            24%        1d4       34%         3
 Scorch                   Fire           2%         2d5       47%         2
 Summon Ice Beast         Ice/Summ       7%         N/A       85%         4
 Flame Wave               Conj/Fire      1%         2d4       96%         4
 Summon Cactus Giant      Summ           0%         N/A       100%        6


Dungeon Overview and Level Annotations

Branches:
Dungeon (6/15)
 Temple: D:4-7

Altars:
Ashenzari
Elyvilon
Kikubaaqudgha
Nemelex Xobeh
Vehumet
Wu Jian
Xom

Annotations:
D:5 Pikel


Innate Abilities, Weirdness & Mutations

You are a venomous arachnid creature.
You have venomous fangs.
You are tiny and dextrous.
Your spellcasting is less reliable in this form.
Your armour is entirely melded.
You are incapable of wielding weapons or throwing items.
You cannot wear most types of armour.
((You are amphibious.))
You can wear up to eight rings at the same time.
((Your skin changes colour to match your surroundings (Stealth+).))
((Your rubbery body absorbs attacks. (AC +1, EV +1)))
((You are camouflaged when in or above water. (Stealth+)))
((You have tentacles for arms and can constrict up to eight enemies at once.))


Message History

Beogh smites you!
* * * LOW HITPOINT WARNING * * *
You block the orc priest's attack.
Unknown command.
You hit the orc priest.
You feel a bit better.
You kill the orc priest!
Your Unarmed Combat skill increases to level 6!
Unknown command.
You barely miss the orc priest. The orc closely misses you.
The orc priest hits you with a +0 short sword.
* * * LOW HITPOINT WARNING * * *
You hit the orc priest but do no damage.
The orc priest is poisoned.
The orc misses you.
The orc priest hits you with a +0 short sword.
* * * LOW HITPOINT WARNING * * *
The orc closely misses you.
Unknown command.
The orc barely misses you.
The orc priest miscasts a cantrip.
You barely miss the orc.
Pikel, Merchant of Souls comes into view.
He is wielding a +0 whip of electrocution and carrying a wand of flame (12).
The orc barely misses you. x2
Pikel shouts!
You bite the orc!
You feel a bit better.
You kill the orc!
You hiss as the wereblood boils in your veins!
You block the orc's attack.
You bite the orc!
You feel a bit better.
You kill the orc!
A lemure comes into view.
The orc hits you with a +0 whip.
* * * LOW HITPOINT WARNING * * *
The lemure shouts!
You bite the orc priest!
The orc priest looks as sick as possible!
The orc priest is almost dead.
Your primal bloodlust is almost over.
The orc priest invokes the aid of Beogh against you.
Beogh smites you!
You die...

..###.###
#..(.....#######...#
.........
.....##.#### #>..#
###.#####
#...#...5.... #.###
##..# .(###........
#># #.> # #..K.....
#.# #.# ## ##.....
#o# #.. ###).# #.#
#.# #oo.# #Y#
##.####s###
..######.# #..#....#
#........# ##
#.#.....# ####.....#
P.. ##...#####
#.......#
))####....#
#.<.o...# ...#..#.#
#.......# #.#..#.#
##.....## ##....#.#
#.....# ###).##.#.#
....o..


You could see Pikel, a lemure, an orc priest (extremely poisoned) and an orc.

Vanquished Creatures
  Prince Ribbit (D:5)
  Grinder (D:4)
  Menkaure (D:4)
  A lemure (D:5)
  2 phantoms
  A bullfrog (D:6)
  2 scorpions
  A howler monkey (D:5)
  3 hounds
  3 orc priests (D:5)
  An iguana (D:5)
  3 orc wizards
  Robin (D:4)
  A gnoll (D:3)
  4 adders
  A shadow imp (D:5)
  A dart slug (D:1)
  13 orcs
  11 ball pythons
  6 bats
  6 endoplasms
  4 giant cockroaches
  12 goblins
  15 hobgoblins
  7 jackals
  7 kobolds
  10 quokkas
  A frilled lizard (D:3)
  6 rats
126 creatures vanquished.

Vanquished Creatures (others)
  3 fungi (D:3)
  A plant (D:3)
4 creatures vanquished.

Grand Total: 130 creatures vanquished

Notes
Turn   | Place    | Note
-------+----------+-------------------------------------------
     0 | D:1      | Mesmaeker13 the Octopode Transmuter began the quest for the
                  | Orb.
     0 | D:1      | Reached XP level 1. HP: 13/13 MP: 3/3
    78 | D:1      | Reached XP level 2. HP: 8/18 MP: 3/5
   156 | D:1      | Learned a level 2 spell: Wereblood
   255 | D:1      | Reached XP level 3. HP: 24/24 MP: 1/6
  1363 | D:1      | Learned a level 3 spell: Spider Form
  1410 | D:2      | Reached XP level 4. HP: 23/29 MP: 4/7
  1549 | D:2      | Found a shimmering altar of Xom.
  1922 | D:2      | Reached skill level 1 in Poison Magic
  2243 | D:3      | Noticed a gnoll sergeant
  2256 | D:4      | Noticed Grinder
  2333 | D:3      | Found a faded altar of an unknown god.
  2373 | D:3      | Found an ornate altar of the Wu Jian Council.
  2467 | D:4      | Reached XP level 5. HP: 30/35 MP: 8/8
  2492 | D:4      | Noticed Menkaure
  2501 | D:4      | Killed Menkaure
  2502 | D:4      | Reached skill level 4 in Unarmed Combat
  2502 | D:4      | Reached XP level 6. HP: 42/42 MP: 9/9
  2693 | D:4      | Found a white marble altar of Elyvilon.
  2777 | D:4      | Noticed Robin
  2784 | D:4      | Killed Robin
  2913 | D:5      | Entered Level 5 of the Dungeon
  2935 | D:5      | Found a shimmering altar of Xom.
  3129 | D:4      | HP: 1/42 [something/magic dart (9)]
  3149 | D:4      | Paralysed by Grinder for 3 turns
  3157 | D:4      | Killed Grinder
  3158 | D:4      | Reached XP level 7. HP: 21/47 MP: 10/10
  3394 | D:4      | Learned a level 4 spell: Ice Form
  3436 | D:5      | Reached skill level 5 in Unarmed Combat
  3549 | D:5      | Reached skill level 1 in Ice Magic
  3644 | D:5      | Found a radiant altar of Vehumet.
  3644 | D:5      | Found an ancient bone altar of Kikubaaqudgha.
  3868 | D:6      | Reached XP level 8. HP: 50/54 MP: 2/11
  3931 | D:6      | Found a broken altar of Ashenzari.
  3990 | D:5      | Noticed Prince Ribbit
  3999 | D:5      | Killed Prince Ribbit
  4000 | D:5      | Reached skill level 5 in Transmutations
  4079 | D:5      | Found a sparkling altar of Nemelex Xobeh.
  4263 | D:5      | Reached skill level 5 in Fighting
  4456 | D:5      | Reached skill level 6 in Unarmed Combat
  4459 | D:5      | Noticed Pikel
  4462 | D:5      | Killed from afar by an orc priest

Illustrated notes

Levels and vault maps discovered:
D:1:      dpeg_arrival_round_a, layout_loops_corners, hangedman_decor_push,
          minmay_circled_x
D:2:      layout_rooms, basic_altar
D:3:      layout_rooms, nzn_wu_jian_council_hall,
          shapermc_ecumenical_altar_acropolis, minmay_quantized
D:4:      layout_rooms, elyvilon_altar_4, kennysheep_doodads,
          kennysheep_generic_room_5, uniq_grinder, uniq_robin, uniq_menkaure
D:5:      layout_rooms, nemelex_diamond_rough_becter, mainiacjoe_overflow_paths,
          minitemple, kennysheep_cross_room, uniq_pikel,
          uniq_crazy_yiuf_cottage, uniq_prince_ribbit1
D:6:      layout_gridville, ashenzari_altar_1,
          minmay_temple_entry_enclosed_plants

Skill      XL: |  1  2  3  4  5  6  7  8 |
---------------+-------------------------+-----
Fighting       | 2 3 4 5 |  5.1
Transmutations | 3 4 5 |  5.4
Poison Magic   | 1 2 3 4 |  4.0
Unarmed Combat | 4 5 6 |  6.0
Ice Magic      | 1 3 |  3.1
Dodging        | |  2.0
Spellcasting   | |  2.0

Action                     |  1- 3 |  4- 6 |  7- 9 || total
---------------------------+-------+-------+-------++-------
  Melee: Unarmed           |    78 |    85 |    68 ||   231
         Constrict         |    20 |    25 |     7 ||    52
         Tentacles         |    16 |    18 |    11 ||    45
         Kick              |    16 |    23 |     7 ||    46
         Punch             |     1 |     2 |     1 ||     4
         Spear             |       |    19 |    35 ||    54
  Throw: Dart              |       |     4 |     4 ||     8
         Javelin           |       |     5 |       ||     5
   Cast: Beastly Appendage |    27 |    24 |     4 ||    55
         Wereblood         |     2 |    11 |     6 ||    19
         Spider Form       |       |     1 |     9 ||    10
         Ice Form          |       |       |     1 ||     1
    Use: Scroll            |     1 |     5 |     4 ||    10
         Potion            |       |     5 |       ||     5
   Stab: Sleeping          |     3 |     3 |     1 ||     7
 Armour: Skin              |    13 |    24 |     4 ||    41
  Dodge: Dodged            |    66 |    63 |    59 ||   188
  Block: Other             |       |     7 |    28 ||    35
         Reflection        |       |     1 |       ||     1

Table legend: (Time is in decaauts)
 A = Elapsed time spent in this place.
 B = Non-inter-level travel time spent in this place.
 C = Inter-level travel time spent in this place.
 D = Time resting spent in this place.
 E = Time spent auto-exploring this place.
 F = Levels seen in this place.
 G = Mean time per level.
                   A        B        C        D        E       F      G
               +--------+--------+--------+--------+--------+-----+--------+
         Total |   4450 |   4357 |     93 |    727 |   2239 |   6 |  741.7 |
       Dungeon |   4450 |   4357 |     93 |    727 |   2239 |   6 |  741.7 |
               +--------+--------+--------+--------+--------+-----+--------+

Top non-repeatable levels by time:
     D:1: 1360 daAuts
     D:5: 1051 daAuts
     D:4: 814 daAuts
     D:2: 690 daAuts
     D:3: 321 daAuts
     D:6: 212 daAuts
